 Dungeon Crawl Stone Soup version 0.27-a0-1612-gde56a17b89 (webtiles) character file.

Game seed: 15124582249781541696

16 Anon1729 the Ducker (level 2, -1/24 HPs)
             Began as a Merfolk Monk on July 21, 2021.
             Was a Believer of Elyvilon.
             Slain by a quokka (3 damage)
             ... on level 1 of the Dungeon.
             The game lasted 00:00:50 (710 turns).

Anon1729 the Ducker (Merfolk Monk)                   Turns: 710, Time: 00:00:51

Health: -1/24      AC:  2    Str: 11    XL:     2   Next: 54%
Magic:  3/3        EV: 13    Int: 15    God:    Elyvilon [**....]
Gold:   9          SH:  0    Dex: 16    Spells: 2/2 levels left

rFire    . . .     SeeInvis .     - Unarmed
rCold    . . .     Faith    .   (no shield)
rNeg     . . .     Spirit   .   a - +0 robe
rPois    .         Reflect  .   (no helmet)
rElec    .         Harm     .   (no cloak)
rCorr    .         Rampage  .   (no gloves)
Will     .....                  (no boots)
Stlth    ++........             (no amulet)
HPRegen  0.08/turn              b - +6 ring of intelligence
MPRegen  0.08/turn              (no ring)

@: no status effects
A: (nimble swimmer 2), mertail
a: Renounce Religion, Lesser Healing, Heal Other, Divine Protection


You were on level 1 of the Dungeon.
You worshipped Elyvilon.
Elyvilon was pleased with you.
You visited 1 branch of the dungeon, and saw 1 of its levels.

You collected 9 gold pieces.

Inventory:

Armour
 a - a +0 robe (worn)
Jewellery
 b - a +6 ring of intelligence (left hand)


   Skills:
 - Level 3.3 Fighting
 - Level 4.0 Dodging
 - Level 2.2 Stealth
 * Level 3.9 Unarmed Combat
 + Level 0.8 Spellcasting


You had 2 spell levels left.
You didn't know any spells.
Your spell library contained the following spells:

 Spells                   Type           Power      Damage    Failure   Level
 Slow                     Hex            0%         N/A       36%         2
 Confusing Touch          Hex            0%         N/A       58%         3
 Vampiric Draining        Necr           0%         2d6       58%         3


Dungeon Overview and Level Annotations

Branches:
Dungeon (1/15)

Altars:
Elyvilon


Innate Abilities, Weirdness & Mutations

((You are quick and stealthy near water. (Stealth+, EV+, Speed+++)))
Your lower body shifts to a powerful aquatic tail in water.


Message History

The quokka is moderately wounded.
The quokka bites you.
* * * LOW HITPOINT WARNING * * *
You hit the quokka.
The quokka is severely wounded.
The quokka closely misses you.
You hit the quokka.
The quokka is almost dead.
The quokka bites you.
* * * LOW HITPOINT WARNING * * *
You miss the quokka.
The quokka is almost dead.
The quokka misses you.
You barely miss the quokka.
The quokka is almost dead.
The quokka closely misses you.
You closely miss the quokka.
The quokka is almost dead.
The quokka bites you. Elyvilon protects you from harm!
You hit the quokka.
You kill the quokka!
A quokka comes into view.
Found a scroll labelled SEAGRA DYLYUPT.
Found 13 gold pieces.
The quokka bites you.
* * * LOW HITPOINT WARNING * * *
The quokka closely misses you.
You hit the quokka.
The quokka is moderately wounded.
The quokka closely misses you.
You miss the quokka.
The quokka is moderately wounded.
The quokka misses you.
You barely miss the quokka.
The quokka is moderately wounded.
The quokka barely misses you.
You barely miss the quokka.
The quokka is moderately wounded.
The quokka bites you.
You die...

###
########.##
#.........#
#.######.##
#.# #.# #.#
###.####$#.
#.#
#..@.......
#.#
#..r..###..
##.#
#.....#
#..#
#.....#
#.##
#....?.
#######.#
########
#####
........#
#...†
######..#
##### #.###
#..# ...#
#.#


You could see a quokka.

Vanquished Creatures
  2 ball pythons (D:1)
  2 bats (D:1)
  An endoplasm (D:1)
  4 goblins (D:1)
  A kobold (D:1)
  A quokka (D:1)
  3 rats (D:1)
14 creatures vanquished.

Notes
Turn   | Place    | Note
-------+----------+-------------------------------------------
     0 | D:1      | Anon1729 the Merfolk Monk began the quest for the Orb.
     0 | D:1      | Reached XP level 1. HP: 18/18 MP: 1/1
    50 | D:1      | Found a faded altar of an unknown god.
   155 | D:1      | Reached XP level 2. HP: 17/24 MP: 2/2
   605 | D:1      | Became a worshipper of Elyvilon the Healer
   605 | D:1      | Reached * piety under Elyvilon
   605 | D:1      | Reached ** piety under Elyvilon
   671 | D:1      | Elyvilon protects you from harm!
   710 | D:1      | Slain by a quokka

Illustrated notes

Levels and vault maps discovered:
D:1:      dpeg_arrival_court, layout_loops_ring,
          hellmonk_ecumenical_altar_crossroads

Action                   || total
-------------------------++-------
Melee: Unarmed           ||    53
       Punch             ||     1
 Stab: Sleeping          ||     1
Armor: Robe              ||    12
Dodge: Dodged            ||    37

Table legend: (Time is in decaauts)
 A = Elapsed time spent in this place.
 B = Non-inter-level travel time spent in this place.
 C = Inter-level travel time spent in this place.
 D = Time resting spent in this place.
 E = Time spent auto-exploring this place.
 F = Levels seen in this place.
 G = Mean time per level.
                   A        B        C        D        E       F      G
               +--------+--------+--------+--------+--------+-----+--------+
         Total |    706 |    671 |     35 |      0 |    521 |   1 |  706.0 |
       Dungeon |    706 |    671 |     35 |      0 |    521 |   1 |  706.0 |
               +--------+--------+--------+--------+--------+-----+--------+

Top non-repeatable levels by time:
     D:1: 706 daAuts
